AoeStats
← Random

African Clearing

504675870Analyzed
4v4 RM · 27d ago on Sep 6, 2026· 37m 26s· 8 players
Game mode
Random Map
Map size
Large (8 player)
Population
200
Speed
Normal
Resources
Standard
Victory
Conquest
Starting age
Dark Age
Ending age
Imperial Age
RankedLock teamsTeams togetherTeam positionsShared explorationLock speedFull tech treeHidden civsTurbo modeCheats
Victory
Defeat
🇧🇷 Magyars · Brazil
1698
+13
🇦🇺 Saracens · Australia
1687
+14
🇺🇸 Burmese · United States
1589
+18
🇹🇼 Chinese · Taiwan
1567
+18
🇻🇳 Jurchens · Vietnam
1695
-18
🇨🇳 Italians · China
1628
-16
🇹🇼 Turks · Taiwan
1618
-15
🇻🇳 Bulgarians · Vietnam
1579
-14
蔡正平
3:54 Loom
15:27 Feudal Age
16:16 Town Watch
19:33 Castle Age
17:32 Double-Bit Axe
17:39 Stone Mining
18:05 Gold Mining
18:43 Horse Collar
20:58 Heavy Plow
21:10 Bow Saw
26:09 Wheelbarrow
fangao
10:35 Loom
13:09 Feudal Age
16:40 Castle Age
15:22 Double-Bit Axe
20:27 Fletching
25:21 Bodkin Arrow
ChangT
8:21 Loom
12:27 Feudal Age
13:17 Double-Bit Axe
16:04 Forging
16:51 Wheelbarrow
16:01 Town Watch
16:28 Scale Barding Armor
18:44 Gold Mining
19:39 Bloodlines
21:22 Fletching
25:44 Castle Age
24:36 Stone Mining
26:03 Light Cavalry
27:27 Chain Barding Armor
37:45 Hand Cart
timembh
7:33 Loom
12:19 Feudal Age
Random
5:49 Loom
12:09 Feudal Age
15:12 Forging
15:02 Horse Collar
18:27 Wheelbarrow
17:38 Town Watch
23:28 Castle Age
22:35 Padded Archer Armor
24:01 Fletching
31:01 Heavy Plow
35:54 Gold Mining
39:04 Imperial Age
好奇小牛
3:34 Loom
14:13 Feudal Age
16:14 Double-Bit Axe
18:58 Castle Age
17:06 Stone Mining
18:59 Fletching
21:23 Bow Saw
24:03 Bodkin Arrow
24:11 Padded Archer Armor
29:15 Wheelbarrow
31:11 Leather Archer Armor
32:39 Ballistics
35:45 Imperial Age
33:01 Town Watch
33:22 Gold Mining
36:30 Gold Shaft Mining
36:16 Hand Cart
36:59 Conscription
37:54 Two-Man Saw
36:36 Horse Collar
38:28 Stone Shaft Mining
37:58 Bracer
Mau5
3:45 Loom
12:30 Feudal Age
20:16 Fletching
22:42 Castle Age
22:01 Padded Archer Armor
21:51 Double-Bit Axe
23:40 Bodkin Arrow
24:01 Crossbowman
30:29 Leather Archer Armor
30:37 Ballistics
30:32 Thumb Ring
31:31 Horse Collar
38:34 Imperial Age
36:40 Wheelbarrow
36:37 Bow Saw
PeAcE mE
5:12 Loom
13:00 Feudal Age
13:08 Feudal Age
17:38 Castle Age
16:35 Fletching
17:45 Double-Bit Axe
25:07 Bodkin Arrow
27:08 Padded Archer Armor
29:27 Thumb Ring
32:01 Ballistics
34:18 Bow Saw
33:54 Horse Collar
35:06 Pikeman
36:05 Husbandry
Connection lost

Rejoining the realm…

Still unreachable

The connection could not be restored.

Session expired

The server has moved on; the page needs a fresh start.